 Dungeon Crawl Stone Soup version 0.28-a0-563-gf77a47075d (webtiles) character file.

Game seed: 15224073760355249892

278 siradein the Ducker (level 6, -2/32 HPs)
             Began as a Spriggan Abyssal Knight on Oct 1, 2021.
             Was a Believer of Lugonu.
             Killed from afar by an orc wizard (12 damage)
             ... with a puff of flame
             ... in the Ecumenical Temple.
             The game lasted 00:17:28 (5251 turns).

siradein the Ducker (Spriggan Abyssal Knight)       Turns: 5251, Time: 00:17:29

Health: -2/32      AC:  4    Str:  9    XL:     6   Next: 5%
Magic:  9/9        EV: 19    Int: 11    God:    Lugonu [**....]
Gold:   201        SH:  0    Dex: 18    Spells: 4/5 levels left

rFire   . . .      SeeInvis +   m - +2 dagger (freeze)
rCold   . . .      Faith    .   (shield restricted)
rNeg    . . .      Spirit   .   b - +0 robe
rPois   .          Reflect  .   p - +1 hat
rElec   .          Harm     .   r - +0 cloak
rCorr   .          Rampage  .   (gloves unavailable)
Will    +....                   (boots unavailable)
Stlth   ++........              (no amulet)
HPRegen 0.10/turn               (no ring)
MPRegen 0.11/turn               (no ring)

@: very quick
A: very small, no large weapons, unfitting armour, see invisible, speed 3
a: Renounce Religion, Depart the Abyss, Bend Space


You were in the Ecumenical Temple.
You worshipped Lugonu.
Lugonu was pleased with you.
You visited 2 branches of the dungeon, and saw 5 of its levels.
You visited the Abyss 1 time.

You collected 201 gold pieces.

Inventory:

Hand Weapons
 h - a +0 hunting sling
 m - a +2 dagger of freezing (weapon)
Missiles
 i - 43 poisoned darts (quivered)
 j - 61 stones
 t - a boomerang
Armour
 b - a +0 robe (worn)
 p - a +1 hat (worn)
 r - a +0 cloak (worn)
Scrolls
 c - a scroll of summoning {unknown}
 e - 3 scrolls of noise {unknown}
 f - 2 scrolls of identify {unknown}
 g - a scroll of immolation {unknown}
 n - a scroll of amnesia {unknown}
 o - a scroll of torment {unknown}
Potions
 a - 2 potions of might {unknown}
 d - a potion of mutation {unknown}
 k - a potion of resistance {unknown}
 l - a potion of brilliance {unknown}
 q - a potion of lignification {unknown}
 s - a potion of degeneration {unknown}


   Skills:
 + Level 3.1 Fighting
 + Level 3.4 Short Blades
 + Level 2.2(2.7) Slings
 + Level 1.7(2.1) Throwing
 + Level 4.6 Dodging
 + Level 2.8 Stealth
 + Level 3.0 Invocations


You had 4 spell levels left.
You knew the following spells:

 Your Spells              Type           Power      Damage    Failure   Level
a - Shock                 Conj/Air       0%         1d3       34%         1

Your spell library contained the following spells:

 Spells                   Type           Power      Damage    Failure   Level
 Sandblast                Erth           0%         2d4       34%         1
 Passwall                 Tmut/Erth      0%         N/A       47%         2
 Stone Arrow              Conj/Erth      0%         3d7       71%         3
 Swiftness                Air            0%         N/A       71%         3
 Airstrike                Air            0%         N/A       98%         4


Dungeon Overview and Level Annotations

Branches:
Dungeon (4/15)             Temple (1/1) D:4

Altars:

Shops:
D:4 *

Annotations:
D:3 1 runed translucent door, runemasterragnar's ghost, amateur DjWn


Innate Abilities, Weirdness & Mutations

You are very small and have problems with some larger weapons.
You are too small for most types of armour.
You have supernaturally acute eyesight. (SInv)
You cover ground extremely quickly. (Speed+++)


Message History

The orc wizard is lightly wounded.
You hit the orc wizard but do no damage.
The orc wizard is lightly wounded.
The orc wizard completely misses you.
You closely miss the orc wizard.
The orc wizard is lightly wounded.
The orc wizard completely misses you.
You hit the orc wizard. You freeze the orc wizard.
The orc wizard is moderately wounded.
The orc wizard closely misses you.
You hit the orc wizard. You freeze the orc wizard.
The orc wizard is heavily wounded.
The orc wizard barely misses you.
You hit the orc wizard. You freeze the orc wizard.
The orc wizard is severely wounded.
The orc wizard hits you with a +0 dagger.
You hit the orc wizard but do no damage.
The orc wizard is severely wounded.
You barely miss the orc wizard.
The orc wizard is severely wounded.
The orc wizard hits you but does no damage.
You barely miss the orc wizard.
The orc wizard is severely wounded.
The orc wizard hits you with a +0 dagger.
You closely miss the orc wizard.
The orc wizard is severely wounded.
The orc wizard gestures at you while chanting.
The magic dart hits you!
You are too injured to fight recklessly!
You are too injured to fight recklessly!
You are too injured to fight recklessly!
You are too injured to fight recklessly!
You hit the orc wizard. You freeze the orc wizard.
The orc wizard is almost dead.
The orc wizard closely misses you.
You barely miss the orc wizard.
The orc wizard is almost dead.
The orc wizard gestures at you while chanting.
The puff of flame hits you!
You die...

#####
#+...+#
#...o.#
#.)@..#
#..)..#
#+...+#
#####


You could see an orc wizard.

Vanquished Creatures
  A scorpion (D:4)
  A hound (D:4)
  An iguana (D:4)
  An orc wizard (D:4)
  5 adders
  A worm (D:2)
  3 dart slugs
  9 orcs
  3 ball pythons
  6 endoplasms
  2 giant cockroaches
  5 goblins
  6 hobgoblins
  8 jackals
  9 kobolds
  2 quokkas
  4 bats (D:2)
  5 rats
72 creatures vanquished.

Notes
Turn   | Place    | Note
-------+----------+-------------------------------------------
     0 | Abyss:1  | siradein the Spriggan Abyssal Knight began the quest for
                  | the Orb.
     0 | Abyss:1  | Reached XP level 1. HP: 11/11 MP: 3/3
    10 | D:1      | Escaped the Abyss
   433 | D:1      | Reached XP level 2. HP: 16/16 MP: 4/4
  1368 | D:2      | Reached ** piety under Lugonu
  1663 | D:2      | Reached XP level 3. HP: 14/19 MP: 5/5
  1791 | D:2      | Found a faded altar of an unknown god.
  2015 | D:2      | Reached skill level 1 in Slings
  2679 | D:3      | Reached skill level 1 in Stealth
  2871 | D:3      | Found a runed translucent door.
  2871 | D:3      | Noticed runemasterragnar's ghost (amateur DjWn)
  2938 | D:3      | Reached XP level 4. HP: 23/23 MP: 6/6
  3471 | D:4      | Noticed a scorpion
  3495 | D:4      | Killed a scorpion
  3496 | D:4      | Reached skill level 1 in Throwing
  3496 | D:4      | Reached skill level 4 in Dodging
  3496 | D:4      | Reached XP level 5. HP: 22/28 MP: 6/8
  3588 | D:4      | Found Tothruq's CLEARANCE SALE!.
  4107 | D:3      | Learned a level 1 spell: Shock
  4389 | D:4      | Found a staircase to the Ecumenical Temple.
  4801 | D:4      | Reached XP level 6. HP: 32/32 MP: 9/9
  4944 | Temple   | Entered the Ecumenical Temple
  5251 | Temple   | Killed from afar by an orc wizard

Illustrated notes

Levels and vault maps discovered:
D:1:      minmay_arrival_stair_chambers, layout_rooms
D:2:      layout_basic, ebering_ecumenical_altar_ruins, grunt_decor_mini_mirrors
D:3:      layout_loops_cross, gammafunk_ghost_grave, kennysheep_generic_room_13
D:4:      layout_rooms, minmay_temple_entry_statues_pillars,
          nicolae_shop_clearance
Temple:   nicolae_temple_figure_zero

Skill      XL: |  1  2  3  4  5 |
---------------+----------------+-----
Invocations    | 2 3 |  3.0
Slings         | 1 2 |  2.2
Stealth        | 1 2 |  2.8
Short Blades   | 3 |  3.4
Throwing       | 1 |  1.7
Dodging        | 4 |  4.6
Fighting       | 3 |  3.1

Action                   |  1- 3 |  4- 6 || total
-------------------------+-------+-------++-------
Melee: Short sword       |    84 |       ||    84
       Dagger            |    87 |   193 ||   280
 Fire: Hunting sling     |     5 |     4 ||     9
 Stab: Sleeping          |     4 |     1 ||     5
Armor: Robe              |    18 |    23 ||    41
Dodge: Dodged            |   140 |   148 ||   288

Table legend: (Time is in decaauts)
 A = Elapsed time spent in this place.
 B = Non-inter-level travel time spent in this place.
 C = Inter-level travel time spent in this place.
 D = Time resting spent in this place.
 E = Time spent auto-exploring this place.
 F = Levels seen in this place.
 G = Mean time per level.
                   A        B        C        D        E       F      G
               +--------+--------+--------+--------+--------+-----+--------+
         Total |   4247 |   4158 |     89 |   1544 |   1861 |   6 |  707.8 |
       Dungeon |   3948 |   3859 |     89 |   1273 |   1861 |   4 |  987.0 |
        Temple |    291 |    291 |      0 |    271 |      0 |   1 |  291.0 |
         Abyss |      6 |      6 |      0 |      0 |      0 |   1 |    6.0 |
               +--------+--------+--------+--------+--------+-----+--------+

Top non-repeatable levels by time:
     D:3: 1329 daAuts
     D:2: 1313 daAuts
     D:1: 705 daAuts
     D:4: 600 daAuts
  Temple: 291 daAuts
 Abyss:1: 6 daAuts
